 Dungeon Crawl Stone Soup version 0.28.0-53-g5a82cb258f (webtiles) character file.

Game seed: 6082451122072517051

1127 hawla the Gusty (level 8, 0/41 HPs)
             Began as a Deep Elf Air Elementalist on June 20, 2022.
             Slain by an orc priest
             ... wielding a +0 club
              (6 damage)
             ... on level 5 of the Dungeon.
             The game lasted 00:17:52 (7210 turns).

hawla the Gusty (Deep Elf Air Elementalist)         Turns: 7210, Time: 00:17:54

Health: 0/41       AC:  4    Str:  3 (5)  XL:     8   Next: 13%
Magic:  20/20      EV: 12    Int: 22 (23) God:
Gold:   198        SH:  0    Dex: 11 (13) Spells: 13/20 levels left

rFire   . . .      SeeInvis .   p - +5 long sword of Descent {venom, rN++ rCorr Dex-4}
rCold   . . .      Faith    .   (no shield)
rNeg    + + .      Spirit   .   a - +0 robe
rPois   .          Reflect  .   o - +0 helmet
rElec   .          Harm     .   (no cloak)
rCorr   +          Rampage  .   (no gloves)
Will    .....                   l - +0 pair of boots
Stlth   ++........              c - amulet of magic regeneration
HPRegen 0.00/turn               j - +4 ring of slaying
MPRegen 0.57/turn               (no ring)

@: brilliant, attractive, inhibited regen, invisible
A: agile 1, deterioration 1, inhibited regeneration
a: no special abilities


You were on level 5 of the Dungeon.
You visited 1 branch of the dungeon, and saw 5 of its levels.

You collected 198 gold pieces.

Inventory:

Hand Weapons
 p - the +5 long sword of Descent (weapon) {venom, rN++ rCorr Dex-4}
   (You found it on level 3 of the Dungeon)

   It poisons the flesh of those it strikes.
   Dex:       It affects your dexterity (-4).
   rN:        It greatly protects you from negative energy.
   rCorr:     It protects you from acid and corrosion.
Missiles
 q - 10 poisoned darts (quivered)
Armour
 a - a +0 robe (worn)
 l - a +0 pair of boots (worn)
 o - a +0 helmet (worn)
Jewellery
 c - an amulet of magic regeneration (around neck)
 j - a +4 ring of slaying (left hand)
Wands
 e - a wand of digging (5)
Scrolls
 i - a scroll of vulnerability {unknown}
 m - 2 scrolls of immolation {unknown}
Potions
 f - a potion of berserk rage {unknown}
 h - a potion of attraction
 k - 2 potions of brilliance
 n - a potion of heal wounds {unknown}
 r - a potion of haste {unknown}


   Skills:
 + Level 0.1 Fighting
 + Level 1.4 Long Blades
 + Level 3.2 Dodging
 + Level 3.6 Stealth
 + Level 6.8 Spellcasting
 + Level 4.1 Conjurations
 + Level 7.3 Air Magic


You had 13 spell levels left.
You knew the following spells:

 Your Spells              Type           Power      Damage    Failure   Level
a - Shock                 Conj/Air       100%       1d9       1%          1
b - Static Discharge      Conj/Air       49%        N/A       1%          2
c - Airstrike             Air            28%        N/A       4%          4

Your spell library contained the following spells:

 Spells                   Type           Power      Damage    Failure   Level
 Swiftness                Air            56%        N/A       1%          3
 Corpse Rot               Necr/Air       70%        N/A       2%          2
 Dazzling Flash           Conj/Hex       48%        N/A       11%         3
 Iskenderun's Mystic Bla  Conj/Tloc      24%        2d7       34%         4
 Animate Dead             Necr           5%         N/A       63%         4
 Dispel Undead            Necr           11%        3d9       63%         4
 Starburst                Conj/Fire      12%        6d5       99%         6
 Death Channel            Necr           5%         N/A       100%        6
 Haunt                    Necr/Summ      5%         N/A       100%        7
 Infestation              Necr           5%         N/A       100%        8


Dungeon Overview and Level Annotations

Branches:
Dungeon (5/15)
 Temple: D:4-7

Altars:
Dithmenos
The Shining One

Annotations:
D:4 1 runed translucent door, Crazy Yiuf


Innate Abilities, Weirdness & Mutations

You are agile. (Dex +2)
Your body sometimes deteriorates upon taking damage.
You do not regenerate when monsters are visible.


Message History

The orc priest's wounds heal themselves!
The orc priest invokes the aid of Beogh against you.
Beogh smites you!
You are too injured to fight recklessly!
Unknown command.
You feel better. The orc hits you with a +0 short sword.
Something completely misses you.
You fade into invisibility!
The orc hits you with a +0 short sword.
You hear some strange, mumbled words.
A magic dart appears from out of thin air!
The magic dart hits you.
* * * LOW HITPOINT WARNING * * *
You feel better.
The orc priest hits you but does no damage.
The orc barely misses you. Something hits you.
* * * LOW HITPOINT WARNING * * *
The orc priest misses you.
It was a potion of degeneration.
There was something very wrong with that liquid.
You feel weakened.
You feel dopey.
You feel clumsy. The orc priest barely misses you. The orc closely misses you.
Something hits you.
* * * LOW HITPOINT WARNING * * *
The orc priest hits you with a +0 club.
* * * LOW HITPOINT WARNING * * *
It was a potion of brilliance.
You feel clever all of a sudden.
The orc priest mumbles some strange prayers to Beogh against you.
Pain shoots through your body!
* * * LOW HITPOINT WARNING * * *
The orc misses you. Something hits you but does no damage.
The orc closely misses you. The orc priest closely misses you.
It was a potion of attraction.
You feel attractive to monsters. The orc priest hits you with a +0 club.
* * * LOW HITPOINT WARNING * * *
The orc closely misses you. Something hits you but does no damage.
The orc closely misses you. The orc priest hits you with a +0 club.
You die...

#..#### #....#
#.......###.## #....#
#.......# #..# #....#
#.......# ##.# #....#
#.......# #.## #....#
##.......# #..# #....#
.........#####.## ###.##
......oo....##..# #.#
......{@........## #.#
.....ooo.........# ##.##
.....).##........###....
....... #.........##....
....... #.......#.##....
..##### #.......#..#....
. #.......##.#....
##########.#....
############
#........#......


You could see 2 orc priests and 3 orcs.

Vanquished Creatures
  Sigmund (D:3)
  Edmund (D:4)
  A black bear (D:5)
  An ogre (D:3)
  A phantom (D:5)
  A scorpion (D:4)
  A water moccasin skeleton (D:5)
  A hound (D:5)
  2 iguanas (D:5)
  A centaur skeleton (D:4)
  4 orc wizards (D:5)
  Natasha (thrice) (D:3)
  2 hound skeletons (D:5)
  Robin (D:3)
  2 adders
  3 gnolls (D:3)
  An ufetubus (D:5)
  An adder skeleton (D:4)
  A worm (D:3)
  2 dart slugs
  8 orcs
  5 endoplasms
  A giant cockroach (D:1)
  19 goblins
  10 hobgoblins
  10 kobolds
  6 quokkas
  15 ball pythons
  8 bats
  2 frilled lizards
  9 rats
124 creatures vanquished.

Vanquished Creatures (others)
  13 plants
  A withered plant (D:1)
14 creatures vanquished.

Grand Total: 138 creatures vanquished

Notes
Turn   | Place    | Note
-------+----------+-------------------------------------------
     0 | D:1      | hawla the Deep Elf Air Elementalist began the quest for the
                  | Orb.
     0 | D:1      | Reached XP level 1. HP: 10/10 MP: 6/6
   176 | D:1      | Reached XP level 2. HP: 15/15 MP: 1/8
   367 | D:1      | Learned a level 2 spell: Static Discharge
   708 | D:1      | Reached XP level 3. HP: 15/19 MP: 2/9
  1256 | D:1      | Found a faded altar of an unknown god.
  2214 | D:2      | Reached XP level 4. HP: 24/24 MP: 10/12
  2327 | D:2      | Learned a level 4 spell: Airstrike
  2374 | D:3      | Noticed Sigmund
  2516 | D:3      | Noticed an ogre
  2523 | D:3      | Killed an ogre
  2524 | D:3      | Reached skill level 5 in Air Magic
  2524 | D:3      | Reached XP level 5. HP: 26/28 MP: 3/13
  2665 | D:3      | Noticed Robin
  2930 | D:4      | Noticed Edmund
  2970 | D:4      | Killed Edmund
  2971 | D:4      | Reached skill level 6 in Air Magic
  2971 | D:4      | Reached XP level 6. HP: 16/32 MP: 0/14
  3375 | D:3      | Noticed Natasha
  3379 | D:3      | Killed Natasha
  4177 | D:3      | Found a glowing golden altar of the Shining One.
  4180 | D:3      | Noticed Natasha
  4185 | D:3      | Killed Natasha
  4507 | D:3      | Killed Sigmund
  4508 | D:3      | Reached skill level 5 in Spellcasting
  4508 | D:3      | Reached skill level 7 in Air Magic
  4508 | D:3      | Reached XP level 7. HP: 36/36 MP: 6/16
  5075 | D:3      | Noticed Natasha
  5080 | D:3      | Killed Natasha
  5186 | D:3      | Killed Robin
  5475 | D:3      | Identified the +5 long sword of Descent {venom, rN++ rCorr
                  | Dex-4}
  5909 | D:4      | Found a runed translucent door.
  5910 | D:4      | Noticed Crazy Yiuf
  6290 | D:5      | Entered Level 5 of the Dungeon
  6292 | D:5      | Gained mutation: You are agile. (Dex +2) [potion of
                  | mutation]
  6292 | D:5      | Gained mutation: You do not regenerate when monsters are
                  | visible. [potion of mutation]
  6292 | D:5      | Gained mutation: Your body sometimes deteriorates upon
                  | taking damage. [potion of mutation]
  6387 | D:5      | Found a shadowy altar of Dithmenos.
  6561 | D:5      | Reached skill level 1 in Long Blades
  6690 | D:5      | Reached XP level 8. HP: 16/41 MP: 12/19
  7210 | D:5      | Slain by an orc priest

Illustrated notes

Levels and vault maps discovered:
D:1:      dpeg_arrival_subterranean_lakeside_camping, layout_rooms,
          shapermc_ecumenical_altar_flowoftime, nrook_uturn
D:2:      layout_basic
D:3:      kb_forest_paths, layout_basic, amcnicky_altar_gilded,
          chequers_big_river, uniq_robin, uniq_natasha, uniq_sigmund
D:4:      layout_rooms, saegor_snake_ambush, uniq_edmund,
          uniq_crazy_yiuf_cottage
D:5:      layout_basic, lemuel_doored_altar

Skill      XL: |  1  2  3  4  5  6  7  8 |
---------------+-------------------------+-----
Spellcasting   | 4 5 6 |  6.8
Air Magic      | 5 6 7 |  7.3
Stealth        | 3 |  3.6
Conjurations   | 2 3 4 |  4.1
Long Blades    | 1 |  1.4
Dodging        | 3 |  3.2
Fighting       | |  0.1

Action                   |  1- 3 |  4- 6 |  7- 9 || total
-------------------------+-------+-------+-------++-------
Melee: Unarmed           |    12 |     5 |       ||    17
       Long sword        |       |       |    18 ||    18
 Cast: Shock             |    76 |    61 |    66 ||   203
       Static Discharge  |    12 |    10 |    18 ||    40
       Airstrike         |       |     8 |     1 ||     9
  Use: Potion            |     1 |     1 |     7 ||     9
       Scroll            |       |     5 |     2 ||     7
 Stab: Sleeping          |     2 |       |     1 ||     3
Armor: Skin              |     5 |     7 |       ||    12
       Robe              |     4 |    10 |    14 ||    28
Dodge: Dodged            |    17 |    22 |    27 ||    66
